 Dungeon Sprint DCSS version 0.29-a0-723-gce39da1c22 (webtiles) character file.

Game seed: 16319295677536304361

434 zeratav the Covert (level 6, -1/39 HPs)
             Began as a Spriggan Brigand on June 28, 2022.
             Was an Initiate of Wu Jian.
             Slain by Sonja
             ... wielding a +1 dagger of distortion
              (12 damage)
             ... in the Dungeon (Sprint I: "Red Sonja").
             The game lasted 00:02:09 (252 turns).

zeratav the Covert (Spriggan Brigand)                Turns: 252, Time: 00:02:10

Health: -1/39      AC:  3    Str:  7    XL:     6   Next: 68%
Magic:  7/7        EV: 16    Int: 13    God:    Wu Jian [......]
Gold:   313        SH:  0    Dex: 18    Spells: 5/5 levels left

rFire   . . .      SeeInvis +   a - +2 dagger {short}
rCold   . . .      Faith    .   (no shield)
rNeg    . . .      Spirit   .   b - +0 robe
rPois   .          Reflect  .   (helmet restricted)
rElec   .          Harm     .   c - +0 cloak
rCorr   .          Rampage  .   (gloves unavailable)
Will    +....      NoTele   +   (boots unavailable)
Stlth   +++++.....              (no amulet)
HPRegen 0.13/turn               (no ring)
MPRegen 0.10/turn               (no ring)

@: slowed, quick
A: very small, no large weapons, unfitting armour, see invisible, speed 3
a: Renounce Religion


You were in the Dungeon.
You worshipped Wu Jian.
Wu Jian was noncommittal.
You visited 1 branch You collected 313 gold pieces.


Innate Abilities, Weirdness & Mutations

You are very small and have problems with some larger weapons.
You are too small for most types of armour.
You have supernaturally acute eyesight. (SInv)
You cover ground extremely quickly. (Speed+++)


   Skills:
 - Level 8.0 Fighting
 - Level 8.0 Short Blades
 + Level 5.5 Throwing
 - Level 1.3 Dodging
 - Level 12.0 Stealth


You had 5 spell levels left.
You didn't know any spells.
Your spell library was empty.

Inventory:

Hand Weapons
 a - a +2 dagger (weapon) {short}
Missiles
 d - 4 poisoned darts (quivered) {throwing}
 e - 3 curare-tipped darts {=fthrowing}
Armour
 b - a +0 robe (worn)
 c - a +0 cloak (worn)
Wands
 l - a wand of flame (21)
   (You took it off Ijyb in the Dungeon)
Scrolls
 k - a scroll of blinking {!r}
Potions
 g - a potion of heal wounds {@q2}
 h - a potion of haste {@q3}
 i - 2 potions of magic
 j - a potion of berserk rage {!q}

Dungeon Overview and Level Annotations

Branches:
Dungeon (1/1) Zot: 27000

Altars:
Cheibriados
Dithmenos
Elyvilon
Fedhas
Gozag
Hepliaklqana
Kikubaaqudgha
Nemelex Xobeh
Okawaru
Qazlal
Ru
Sif Muna
Trog
Uskayaw
Vehumet
Wu Jian
Yredelemnul
Zin
The Shining One

Shops:
D :

Annotations:
D Sonja

################
#<.#.)'..#.)@..#
#..'..#.)'..#K.+
#..#####'#####'#
#..####..#...#.#
#..#__####..##)#
#..#_____##'#_.+
#⌠⌠#_.∩...'(.._#
####_..__##_.#+#
#_____###'#


You could see Sonja (very poisoned).


Message History

Found Afakhiv's Book Emporium.
Found fourteen altars.
Found an opulent altar of Gozag.
You lunge at the yak.
The helpless yak fails to defend itself.
You spit the yak like a pig!!!!
You kill the yak!
The Council accepts your kill.
Training target 12.0 for Stealth reached!
Your Stealth skill gained 2 levels and is now at level 12!
You need to enable at least one skill for training.
Your Throwing skill gained 3 levels and is now at level 5!
There is an open door here.
You open the door.
There is an open door here.
You now have 205 gold pieces (gained 27).
You now have 232 gold pieces (gained 27).
You now have 259 gold pieces (gained 27).
You now have 286 gold pieces (gained 27).
You now have 313 gold pieces (gained 27).
There is an open door here.
There is an open door here.
Found a sparkling altar of Nemelex Xobeh.
There is an entrance to Afakhiv's Book Emporium here.
There is an open door here.
You open the door.
Sonja, the Graceful Assassin comes into view.
She is wielding a +1 dagger of distortion and quivering curare-tipped darts.
There is an open door here.
Sonja shouts!
Sonja throws a curare-tipped dart.
The curare-tipped dart misses you.
You lunge at Sonja.
You miss Sonja. Sonja barely misses you.
Sonja hits you with a +1 dagger of distortion.
Space warps around you.
Sonja hits you with a +1 dagger of distortion.
Space warps horribly around you!!
Ouch! That really hurt!
* * * LOW HITPOINT WARNING * * *
HP[-27]
You take 27 damage, and now have 12/39 hp.
MASSIVE DAMAGE!! (PAUSE) Sonja throws a curare-tipped dart.
The curare-tipped dart misses you.
There is an open door here.
Throw: 9 darts (poison) {throwing}
Press: ? - help, Q - select action, (/) - cycle Shift-Dir - straight line, f - Sonja
Aim: Sonja, wielding a +1 dagger of distortion and quivering curare-tipped darts (26% to hit)
You throw a poisoned dart {throwing}.
The poisoned dart {throwing} hits Sonja.
Sonja is poisoned.
Sonja throws a curare-tipped dart.
The curare-tipped dart hits you.
You are lethally poisoned!
You have difficulty breathing.
* * * LOW HITPOINT WARNING * * *
You feel yourself slow down.
HP[-4]
You take 4 damage, and now have 8/39 hp.
You feel better.
HP[+11]
You regained 11 hp, and now have 19/39 hp.
Sonja casts a spell.
Sonja blinks!
HP[+1] Throw: 8 darts (poison) {throwing}
Press: ? - help, Q - select action, (/) - cycle Shift-Dir - straight line, f/p - Sonja
Aim: Sonja, wielding a +1 dagger of distortion and quivering curare-tipped darts (poisoned, 26% to hit)
You throw a poisoned dart {throwing}.
The poisoned dart {throwing} misses Sonja.
Throw: 7 darts (poison) {throwing}
Press: ? - help, Q - select action, (/) - cycle Shift-Dir - straight line, f/p - Sonja
Aim: Sonja, wielding a +1 dagger of distortion and quivering curare-tipped darts (poisoned, 26% to hit)
You throw a poisoned dart {throwing}.
The poisoned dart {throwing} barely misses Sonja.
Throw: 6 darts (poison) {throwing}
Press: ? - help, Q - select action, (/) - cycle Shift-Dir - straight line, f/p - Sonja
Aim: Sonja, wielding a +1 dagger of distortion and quivering curare-tipped darts (poisoned, 26% to hit)
You throw a poisoned dart {throwing}.
The poisoned dart {throwing} hits Sonja!
Sonja looks even sicker.
Sonja casts a spell.
Sonja blinks!
Sonja hits you with a +1 dagger of distortion.
* * * LOW HITPOINT WARNING * * *
Sonja closely misses you. Sonja barely misses you.
Sonja gestures wildly while chanting.
Sonja blinks!
HP[-3]
You take 3 damage, and now have 17/39 hp.
You see here a +0 whip {mace}.
There is an open door here.
Throw: 5 darts (poison) {throwing}
Press: ? - help, Q - select action, (/) - cycle Shift-Dir - straight line, f/p - Sonja
Aim: Sonja, wielding a +1 dagger of distortion and quivering curare-tipped darts (lightly wounded, very poisoned, 26% to hit)
You throw a poisoned dart {throwing}.
The poisoned dart {throwing} completely misses Sonja.
Sonja throws a curare-tipped dart.
The curare-tipped dart misses you. HP[+1] Sonja attacks as you move away!
Sonja closely misses you. Sonja hits you but does no damage.
Sonja closely misses you.
Sonja hits you with a +1 dagger of distortion!
* * * LOW HITPOINT WARNING * * *
Sonja hits you but does no damage. Space warps horribly around you!
You die...

Skill      XL: |  1  2  3  4  5  6 |
---------------+-------------------+-----
Fighting       | 3 7 8 |  8.0
Stealth        | 8 10 12 | 12.0
Short Blades   | 8 |  8.0
Throwing       | 5 |  5.5
Dodging        | |  1.3

Action                   |  1- 3 |  4- 6 || total
-------------------------+-------+-------++-------
Melee: Dagger            |     2 |     8 ||    10
Throw: Dart              |       |     7 ||     7
Invok: Lunge             |       |     2 ||     2
  Use: Potion            |       |     1 ||     1
 Stab: Sleeping          |     2 |     2 ||     4
Armor: Robe              |       |     3 ||     3
Dodge: Dodged            |       |     9 ||     9

Levels and vault maps discovered:
D:        dungeon_sprint_1 [red_sonja_temple_1, red_sonja_temple_small_1]

Notes
Turn   | Place    | Note
-------+----------+-------------------------------------------
     0 | D        | zeratav the Spriggan Brigand began the quest for the Orb.
     0 | D        | Reached XP level 1. HP: 10/10 MP: 2/2
     0 | D        | magus.rc [v1.9.6]
     2 | D        | Noticed Ijyb
     5 | D        | Killed Ijyb
     6 | D        | Reached skill level 3 in Fighting
     6 | D        | Reached skill level 8 in Stealth
     6 | D        | Reached XP level 2. HP: 17/17 MP: 3/3
     8 | D        | Noticed an ogre
    11 | D        | Killed an ogre
    12 | D        | Reached skill level 7 in Fighting
    12 | D        | Reached XP level 3. HP: 25/25 MP: 4/4
    12 | D        | Reached XP level 4. HP: 30/30 MP: 5/5
    22 | D        | Noticed Sigmund
    25 | D        | Killed Sigmund
    26 | D        | Reached skill level 8 in Fighting
    26 | D        | Reached skill level 8 in Short Blades
    26 | D        | Reached XP level 5. HP: 34/34 MP: 6/6
    38 | D        | Found an ornate altar of the Wu Jian Council.
    38 | D        | Found a shimmering blue altar of Sif Muna.
    40 | D        | Found a radiant altar of Vehumet.
    58 | D        | Reached skill level 10 in Stealth
    58 | D        | Reached XP level 6. HP: 20/39 MP: 7/7
   201 | D        | Became a worshipper of the Wu Jian Council
   204 | D        | Found Afakhiv's Book Emporium.
   204 | D        | Found an ancient bone altar of Kikubaaqudgha.
   204 | D        | Found a hazy altar of Hepliaklqana.
   204 | D        | Found a stormy altar of Qazlal.
   204 | D        | Found a hide-covered altar of Uskayaw.
   204 | D        | Found a blossoming altar of Fedhas.
   204 | D        | Found a bloodstained altar of Trog.
   204 | D        | Found an iron altar of Okawaru.
   204 | D        | Found a basalt altar of Yredelemnul.
   204 | D        | Found a glowing golden altar of the Shining One.
   204 | D        | Found a snail-covered altar of Cheibriados.
   204 | D        | Found a sacrificial altar of Ru.
   204 | D        | Found a glowing silver altar of Zin.
   204 | D        | Found a shadowy altar of Dithmenos.
   204 | D        | Found a white marble altar of Elyvilon.
   204 | D        | Noticed a yak
   205 | D        | Found an opulent altar of Gozag.
   205 | D        | Killed a yak
   206 | D        | Reached skill level 12 in Stealth
   206 | D        | Reached skill level 5 in Throwing
   222 | D        | Found a sparkling altar of Nemelex Xobeh.
   233 | D        | Noticed Sonja
   240 | D        | HP: 8/39 [asphyx]
   252 | D        | Slain by Sonja

Vanquished Creatures
  Sigmund (D)
  A yak (D)
  An ogre (D)
  A jelly (D)
  Ijyb (D)
5 creatures vanquished.

Table legend:
 A = Non-vault XP
 B = Vault XP
 C = Vault XP percentage of total XP
 D = Non-vault monster count
 E = Vault monster count
 F = Vault count percentage of total count
                 A         B        C        D         E       F
            +---------+---------+-------+---------+---------+-------
      Total |       0 |     621 | 100.0 |       0 |       5 | 100.0
            +---------+---------+-------+---------+---------+-------
          D |       0 |     621 | 100.0 |       0 |       5 | 100.0
            +---------+---------+-------+---------+---------+-------

Illustrated notes

Table legend:
 A = Kills in this place as a percentage of kills in entire the game.
 B = Kills by you in this place as a percentage of kills by you in the entire game.
 C = Kills by friends in this place as a percentage of kills by friends in the entire game.
 D = Other kills in this place as a percentage of other kills in the entire game.
 E = Experience gained in this place as a percentage of experience gained in the entire game.
 F = Experience gained in this place divided by the number of levels of this place that you have seen.
                   A       B       C       D       E      F
               +-------+-------+-------+-------+-------+----------------------
         Total | 100.0 | 100.0 |   N/A |   N/A | 100.0 | 621.0
       Dungeon | 100.0 | 100.0 |   N/A |   N/A | 100.0 | 621.0
               +-------+-------+-------+-------+-------+----------------------

Table legend: (Time is in decaauts)
 A = Elapsed time spent in this place.
 B = Non-inter-level travel time spent in this place.
 C = Inter-level travel time spent in this place.
 D = Time resting spent in this place.
 E = Time spent auto-exploring this place.
 F = Levels seen in this place.
 G = Mean time per level.
                   A        B        C        D        E       F      G
               +--------+--------+--------+--------+--------+-----+--------+
         Total |    220 |    220 |      0 |    133 |      0 |   1 |  220.0 |
       Dungeon |    220 |    220 |      0 |    133 |      0 |   1 |  220.0 |
               +--------+--------+--------+--------+--------+-----+--------+

Top non-repeatable levels by time:
       D: 220 daAuts
